 Dungeon Crawl Stone Soup version 0.19-a0-517-gd6a9987 (webtiles) character file.

29633 namelastname112 the Zephyrmancer (level 13, 0/105 HPs)
             Began as a Yellow Draconian Air Elementalist on June 6, 2016.
             Was a Believer of Ashenzari.
             Slain by a skeletal warrior
             ... wielding a +1 hand axe of chopping
             ... led by a skeletal warrior
              (6 damage)
             ... on level 11 of the Dungeon.
             The game lasted 00:44:06 (19683 turns).

namelastname112 the Zephyrmancer (DrAE)            Turns: 19683, Time: 00:44:06

Health: 0/105      AC: 13    Str:  9    XL:     13   Next: 16%
Magic:  1/26       EV: 16    Int: 20    God:    Ashenzari [**....]
Gold:   512        SH:  6    Dex: 16    Spells: 4 memorised, 19 levels left

rFire  . . .     SeeInvis .     x - +1 dagger (venom)
rCold  + . .     Gourm    .     (armour unavailable)
rNeg   . . .     Faith    +     A - +0 buckler (curse)
rPois  +         Spirit   .     (helmet restricted)
rElec  +         Dismiss  .     L - +1 cloak
rCorr  +         Reflect  .     y - +1 pair of gloves {Str+3}
SustAt .         Harm     .     f - +0 pair of boots
MR     .....                    t - amulet of faith
Stlth  ++........               U - ring "Qitudaox" {rElec rC+ Str-3 Dex+4} (curse)
                                J - ring of poison resistance

@: repel missiles, not resistant to hostile enchantments, unstealthy
A: spit acid, acid resistance, unfitting armour, horns 1, blurry vision 1, sense
surroundings 1, weak 1, cold-blooded, AC +8
a: Spit Acid, Curse Item, Scrying, Renounce Religion


You were on level 11 of the Dungeon.
You worshipped Ashenzari.
Ashenzari was pleased with you.
You were near starving.

You visited 2 branches of the dungeon, and saw 13 of its levels.

You collected 710 gold pieces.
You spent 198 gold pieces at shops.

Inventory:

Hand Weapons
 x - a +1 dagger of venom (weapon)
Armour
 f - a +0 pair of boots (worn)
 y - a +1 pair of gloves of strength (worn)
 A - a cursed +0 buckler (worn)
 L - a +1 cloak (worn)
Jewellery
 h - an uncursed ring of flight
 t - an amulet of faith (around neck)
 J - a ring of poison resistance (left hand)
 T - an uncursed ring of sustain attributes
 U - the cursed ring "Qitudaox" (right hand) {rElec rC+ Str-3 Dex+4}
   (You found it on level 10 of the Dungeon)

   [ring of protection from cold]

   It affects your strength (-3).
   It affects your dexterity (+4).
   It protects you from cold.
   It insulates you from electricity.
   It has a curse placed upon it.
Wands
 d - a wand of paralysis (6/24)
 p - a wand of flame (25/48)
 z - a wand of flame (20/48)
 B - a wand of confusion (13/48)
 M - a wand of digging (19/24)
Scrolls
 c - 2 scrolls of fog {unknown}
 g - 3 scrolls of remove curse
 i - 2 scrolls of recharging {unknown}
 k - 2 scrolls of immolation {unknown}
 m - 3 scrolls of amnesia {unknown}
 o - 4 scrolls of magic mapping {unknown}
 s - 2 scrolls of enchant armour {unknown}
 v - 2 scrolls of teleportation {unknown}
 w - a scroll of enchant weapon {unknown}
 H - a scroll of holy word {unknown}
 N - 2 scrolls of blinking {unknown}
Potions
 e - 2 potions of agility
 n - 4 potions of brilliance
 q - 3 potions of haste
 r - a potion of resistance
 u - a potion of invisibility
 F - a potion of mutation
 G - 2 potions of heal wounds
 K - 2 potions of might
 O - a potion of lignification {unknown}
 Q - a potion of berserk rage
 X - a potion of magic {unknown}
Books
 a - a book of Air

   Spells                             Type                      Level
   a - Shock                          Conjuration/Air              1
   b - Swiftness                      Charms/Air                   2
   c - Repel Missiles                 Charms/Air                   2
   d - Static Discharge               Conjuration/Air              3
   e - Lightning Bolt                 Conjuration/Air              5
 l - a book of Battle

   Spells                             Type                      Level
   a - Infusion                       Charms                       1
   b - Shroud of Golubria             Charms/Translocation         2
   c - Song of Slaying                Charms                       2
   d - Spectral Weapon                Hexes/Charms                 3
   e - Regeneration                   Charms/Necromancy            3
 C - a book of Alchemy

   Spells                             Type                      Level
   a - Sublimation of Blood           Necromancy                   2
   b - Ignite Poison                  Fire/Transmutation/Poison    3
   c - Petrify                        Transmutation/Earth          4
   d - Alistair's Intoxication        Transmutation/Poison         5
   e - Irradiate                      Conjuration/Transmutation    5
 D - a book of Frost

   Spells                             Type                      Level
   a - Freeze                         Ice                          1
   b - Throw Frost                    Conjuration/Ice              2
   c - Ozocubu's Armour               Charms/Ice                   3
   d - Throw Icicle                   Conjuration/Ice              4
   e - Summon Ice Beast               Ice/Summoning                4
 E - a book of Annihilations

   Spells                             Type                      Level
   a - Poison Arrow                   Conjuration/Poison           6
   b - Chain Lightning                Conjuration/Air              8
   c - Lehudib's Crystal Spear        Conjuration/Earth            8
   d - Glaciate                       Conjuration/Ice              9
   e - Fire Storm                     Conjuration/Fire             9
 W - a book of Debilitation

   Spells                             Type                      Level
   a - Corona                         Hexes                        1
   b - Slow                           Hexes                        2
   c - Gell's Gravitas                Hexes/Translocation          3
   d - Inner Flame                    Hexes/Fire                   3
   e - Cause Fear                     Hexes                        4
   f - Leda's Liquefaction            Hexes/Earth                  4
Comestibles
 b - 7 bread rations
 j - 3 meat rations
 I - 2 beef jerkies
 R - 5 royal jellies


   Skills:
 + Level 7.3 Fighting
 + Level 6.1 Dodging
 - Level 1.7 Stealth
 - Level 6.1(7.6) Shields
 + Level 9.1 Spellcasting
 * Level 10.9 Conjurations
 * Level 12.3 Air Magic


You had 19 spell levels left.
You knew the following spells:

 Your Spells              Type           Power        Failure   Level  Hunger
a - Repel Missiles        Chrm/Air       ####..       1%          2    None
s - Lightning Bolt        Conj/Air       ######....   1%          5    #####..
x - Static Discharge      Conj/Air       ######..     1%          3    None
z - Shock                 Conj/Air       ####         1%          1    None


Dungeon Overview and Level Annotations

Branches:
Dungeon (12/15)            Temple (1/1) D:6            Lair (0/8) D:10
    Orc (0/2) D:10

Altars:
Ashenzari
Cheibriados
Dithmenos
Elyvilon
Fedhas
Gozag
Makhleb
Nemelex Xobeh
Okawaru
Pakellas
Qazlal
Sif Muna
Trog
Uskayaw
Vehumet
Xom
Yredelemnul
Zin
The Shining One

Shops:
D:8 [   D:9 [


Innate Abilities, Weirdness & Mutations

You can spit globs of acid.
You are resistant to acid.
Your golden yellow scales are hard. (AC +8)
Your body does not fit into most forms of armour.
You are cold-blooded and may be slowed by cold attacks.
You have a pair of small horns on your head.
Scrolls take you a little longer to read.
You passively map a small area around you.
You are weak. (Str -2)


Message History

* * * LOW HITPOINT WARNING * * *
x2 You take 16 damage, and have 24/105 hp.
You now have 1/26 mp.
There is an open door here.
A wight comes into view. It is wielding an enchanted battleaxe.
The wight moves out of view.
There is an open door here.
A wight comes into view.
It is wielding a spear of piercing. 2 wights come into view.
You block the wight's attack.
The wight moves out of view.
Casting: Lightning Bolt
Confirm with . or Enter, or press ? or * to list all spells.
The skeletal warrior is struck by lightning.
The skeletal warrior is almost destroyed.
The lightning arcs!
You are struck by lightning.
You resist.
The wight is struck by lightning.
The wight is almost destroyed.
The lightning arcs!
You are struck by lightning.
You resist.
The skeletal warrior hits you with a hand axe of chopping!!
* * * LOW HITPOINT WARNING * * *
You die...

###(#######........=.# #...
#..# #......(.### #### ###.##
#######'## #. ##.†.# ###.# #.
#..### #...# #. ##'########
###)#### #. #.........#
#......# ###.
#........(######...z..### #.).
#.........#.z@z'......'.###...
#.........'<####.z....#...#...
#.......>.### #......###.....
#.........# ###'#### ###...
#.........# #.## #...
###'####### #..## #... #.##
##..# #### #..# ##.# ##.# #.#
#


You could see a skeletal warrior and 3 wights.

Vanquished Creatures
  The ghost of Kilingo the Vandal, a journeyman DDAr of Pakellas (D:11)
  A hydra (D:9)
  A centaur warrior (D:11)
  3 skeletal warriors
  An unseen horror (D:11)
  Pikel (D:7)
  A hill giant (D:10)
  A cyclops (D:12)
  Maurice (D:8)
  Psyche (D:8)
  A freezing wraith (D:10)
  3 trolls
  Grinder (D:5)
  A two-headed ogre (D:8)
  Prince Ribbit (D:8)
  A wraith (D:9)
  6 yaks (D:9)
  2 wyverns (D:11)
  2 hippogriffs
  2 hungry ghosts
  A steam dragon (D:10)
  4 vampire mosquitoes
  Grum (D:8)
  2 soldier ants (D:11)
  Menkaure (D:7)
  2 hell hounds (D:10)
  Duvessa (D:5)
  2 water moccasins
  8 orc warriors
  3 sky beasts
  3 slaves (D:7)
  An eye of draining (D:10)
  2 wasps
  2 necrophages
  5 phantoms
  5 ice beasts
  5 ogres
  2 black bears
  2 wolves (D:8)
  11 centaurs
  2 crocodiles (D:11)
  A big kobold (D:11)
  6 giant frogs
  A gnoll sergeant (D:5)
  A wyvern zombie (D:12)
  Dowan (D:5)
  A wyvern skeleton (D:9)
  4 scorpions
  A troll zombie (D:10)
  12 wights
  A vampire bat (D:3)
  2 howler monkeys
  2 crimson imps
  5 giant frog zombies
  A quasit (D:8)
  A centaur zombie (D:5)
  Crazy Yiuf (D:5)
  5 hounds
  3 jellies
  6 orc priests
  18 orc wizards
  A centaur skeleton (D:4)
  A giant frog skeleton (D:7)
  Terence (D:2)
  2 iguanas
  Natasha (twice) (D:3)
  7 worker ants
  A killer bee zombie (D:10)
  7 ogre zombies (D:10)
  A hound zombie (D:5)
  A hound skeleton (D:5)
  Robin (D:2)
  A worker ant zombie (D:8)
  15 adders
  12 gnolls
  A shadow imp (D:7)
  2 adder zombies
  2 adder skeletons
  2 worms
  A dart slug (D:2)
  3 fire bats (D:3)
  8 giant geckos
  64 orcs
  2 spectral bats (D:3)
  17 bats
  3 bat skeletons (D:3)
  A bat zombie (D:3)
  7 giant cockroaches
  20 goblins
  7 hobgoblins
  9 jackals
  5 quokkas
  A ball python (D:3)
  A bat simulacrum (D:3)
  2 giant gecko zombies
  6 giant newts
  A goblin skeleton (D:10)
  3 hobgoblin zombies (D:10)
  17 kobolds
  3 orc skeletons (D:10)
  16 orc zombies (D:10)
  7 rats
434 creatures vanquished.

Vanquished Creatures (others)
  An elf (D:7)
  A spriggan (D:10)
  A hobgoblin zombie (D:10)
  A kobold (D:10)
  An orc zombie (D:10)
5 creatures vanquished.

Grand Total: 439 creatures vanquished

Notes
Turn   | Place    | Note
--------------------------------------------------------------
     0 | D:1      | namelastname112 the Draconian Air Elementalist began the quest for the Orb.
     0 | D:1      | Reached XP level 1. HP: 14/14 MP: 3/3
   256 | D:1      | Reached XP level 2. HP: 15/22 MP: 0/5
   340 | D:1      | Learned a level 2 spell: Repel Missiles
   971 | D:2      | Reached skill level 1 in Fighting
  1029 | D:2      | Reached XP level 3. HP: 28/28 MP: 4/6
  1359 | D:2      | Noticed Terence
  1445 | D:2      | Noticed Robin
  1755 | D:2      | Killed Robin
  1832 | D:2      | Found a glowing golden altar of the Shining One.
  1861 | D:2      | Found a faded altar of an unknown god.
  1885 | D:2      | Became a worshipper of Elyvilon the Healer
  1885 | D:2      | Reached * piety under Elyvilon
  1926 | D:2      | Found a shadowy altar of Dithmenos.
  1936 | D:2      | Found a blossoming altar of Fedhas.
  2000 | D:2      | Reached XP level 4. HP: 36/36 MP: 5/7
  2194 | D:1      | Learned a level 3 spell: Static Discharge
  2465 | D:2      | Killed Terence
  3089 | D:3      | You fall through a shaft!
  3097 | D:4      | Reached XP level 5. HP: 42/42 MP: 4/8
  3283 | D:4      | Noticed an ogre
  3313 | D:4      | Killed an ogre
  3313 | D:4      | Reached XP level 6. HP: 24/50 MP: 0/10
  4067 | D:4      | Reached ** piety under Elyvilon
  4681 | D:3      | Your scales start taking on a golden yellow colour.
  4681 | D:3      | Reached XP level 7. HP: 56/57 MP: 2/12
  5129 | D:3      | removeelyvilon: wrong god mate
  5129 | D:3      | removeelyvilon: !beem subscribe
  5129 | D:3      | beem: Subscribed. I will now watch all games of user removeelyvilon
  5129 | D:3      | namelastname112: random altar
  5378 | D:3      | Reached skill level 5 in Conjurations
  5505 | D:3      | Frenchrax: heyo
  5554 | D:3      | Noticed Natasha
  5563 | D:3      | Killed Natasha
  5568 | D:3      | namelastname112: sup
  5930 | D:3      | Noticed Natasha
  5934 | D:3      | Killed Natasha
  6092 | D:5      | Entered Level 5 of the Dungeon
  6095 | D:5      | Reached *** piety under Elyvilon
  6158 | D:5      | Noticed Dowan
  6159 | D:5      | Noticed Duvessa
  6172 | D:5      | Killed Duvessa
  6172 | D:5      | Reached skill level 4 in Air Magic
  6286 | D:5      | Killed Dowan
  6286 | D:5      | Reached XP level 8. HP: 54/63 MP: 3/14
  6397 | D:5      | Noticed Grinder
  6552 | D:5      | Killed Grinder
  6673 | D:5      | Reached skill level 5 in Spellcasting
  6673 | D:5      | Reached skill level 5 in Air Magic
  6975 | D:5      | Found a deep blue altar of Sif Muna.
  7303 | D:5      | Noticed Crazy Yiuf
  7311 | D:5      | Killed Crazy Yiuf
  7620 | D:5      | Reached skill level 6 in Air Magic
  7825 | D:5      | Learned a level 5 spell: Lightning Bolt
  7976 | D:6      | Found a staircase to the Ecumenical Temple.
  8046 | Temple   | Entered the Ecumenical Temple
  8046 | Temple   | Reached **** piety under Elyvilon
  8095 | Temple   | Fell from the grace of Elyvilon
  8095 | Temple   | Became a worshipper of Ashenzari the Shackled
  8129 | D:6      | Reached XP level 9. HP: 59/70 MP: 13/17
  8168 | D:6      | Reached skill level 1 in Shields
  8667 | D:7      | Noticed Menkaure
  8673 | D:7      | Killed Menkaure
  9401 | D:7      | Found an oddly glowing altar of Pakellas.
  9401 | D:7      | Noticed an elf
  9406 | D:7      | Killed an elf
  9407 | D:7      | Noticed a toenail golem
  9953 | D:7      | Noticed Pikel
  9987 | D:7      | Killed Pikel
  9987 | D:7      | Reached skill level 5 in Shields
  9987 | D:7      | Reached skill level 7 in Air Magic
 10351 | D:8      | Noticed Maurice
 10358 | D:8      | Killed Maurice
 10358 | D:8      | Reached XP level 10. HP: 61/77 MP: 0/20
 10603 | D:8      | Noticed Grum
 10919 | D:8      | Killed Grum
 11170 | D:8      | Noticed Prince Ribbit
 11179 | D:8      | Killed Prince Ribbit
 11206 | D:8      | Reached * piety under Ashenzari
 11215 | D:8      | Found Jejodd's Armour Emporium.
 11223 | D:8      | Bought a +1 pair of gloves of strength for 198 gold pieces
 11304 | D:8      | Found a hide-covered altar of Uskayaw.
 11424 | D:8      | Noticed Psyche
 11430 | D:8      | Killed Psyche
 11734 | D:9      | Found a shimmering altar of Xom.
 12196 | D:9      | Noticed a seven-headed hydra
 12615 | D:9      | Reached skill level 8 in Air Magic
 13013 | D:9      | Found Yzuwaff's Antique Armour Emporium.
 13077 | D:9      | Reached skill level 5 in Fighting
 13859 | D:9      | Killed a seven-headed hydra
 13859 | D:9      | Reached XP level 11. HP: 88/88 MP: 2/22
 13999 | D:10     | Entered Level 10 of the Dungeon
 14136 | D:10     | Found a staircase to the Lair.
 14940 | D:10     | Reached skill level 5 in Dodging
 15299 | D:10     | Found a staircase to the Orcish Mines.
 16142 | D:10     | Identified the ring "Qitudaox" {rElec rC+ Str-3 Dex+4}
 16242 | D:10     | Noticed a hill giant
 16252 | D:10     | Killed a hill giant
 16409 | D:11     | Reached ** piety under Ashenzari
 16524 | D:11     | Noticed Kilingo's ghost (journeyman DDAr)
 17145 | D:11     | Reached skill level 10 in Conjurations
 17169 | D:11     | Killed an unseen horror
 17169 | D:11     | Reached skill level 9 in Air Magic
 17348 | D:11     | Gained mutation: Scrolls take you a little longer to read. [mutagenic meat]
 17349 | D:11     | Gained mutation: You passively map a small area around you. [mutagenic meat]
 17351 | D:11     | Gained mutation: You are weak. (Str -2) [mutagenic meat]
 17352 | D:11     | Gained mutation: You have a pair of small horns on your head. [mutagenic meat]
 17756 | D:12     | Reached skill level 11 in Air Magic
 17756 | D:12     | Reached XP level 12. HP: 97/97 MP: 24/24
 18189 | D:11     | Reached skill level 12 in Air Magic
 18789 | D:11     | Killed Kilingo's ghost
 18789 | D:11     | Reached XP level 13. HP: 60/105 MP: 3/26
 19683 | D:11     | Slain by a skeletal warrior

Vault maps used:
D:1:      dpeg_arrival_windows_large_door
D:2:      overflow_temple_1_default, tso_oasis_becter, fedhas_altar_3,
          ecumenical_altar_1, mrwooster_statue_mirror, minmay_misc_feat_plants,
          uniq_terence, uniq_robin
D:3:      first_bread, hangedman_glass_teeth, interstate_on_off, goddamned_bats,
          uniq_natasha
D:4:      serial_curves, eino_curves_04, eino_curves_01, minmay_joined_circles
D:5:      led_sif_book, serial_curves, eino_curves_03, eino_curves_03,
          uniq_grinder, uniq_crazy_yiuf_cottage, uniq_duvessa
D:6:      temple_pool_a
D:7:      gammafunk_pakellas_its_alive, uniq_menkaure, uniq_pikel
D:8:      lemuel_round_altar, serial_shops, shop, uniq_prince_ribbit1,
          uniq_psyche, uniq_grum, uniq_maurice
D:9:      xom_butterflies, serial_shops, shop
D:10:     minmay_lair_entry_lava, zombieorc2_lemuel, hangedman_stone_soup
D:12:     evilmike_library_of_no_secrets, uniq_maud
Temple:   nicolae_temple_x_marks_the_god_16

Skill      XL: |  1  2  3  4  5  6  7  8  9 10 11 12 13 |
---------------+----------------------------------------+-----
Dodging        | 2 3 4 5 6 |  6.1
Conjurations   | 2 3 4 5 7 8 9 10 | 10.9
Fighting       | 1 2 3 5 6 7 |  7.3
Spellcasting   | 3 4 5 6 7 8 9 |  9.1
Air Magic      | 4 6 7 8 11 12 | 12.3
Shields        | 5 6 |  6.1
Stealth        | |  1.7

Action                   |  1- 3 |  4- 6 |  7- 9 | 10-12 | 13-15 || total
-------------------------+-------+-------+-------+-------+-------++-------
Melee: Unarmed           |    99 |       |       |       |       ||    99
       Tailslap          |    12 |     6 |    21 |    35 |     3 ||    77
       Short sword       |    12 |    54 |       |       |       ||    66
       Dagger            |       |       |   164 |   278 |    29 ||   471
       Headbutt          |       |       |       |     6 |     4 ||    10
 Cast: Shock             |    84 |   154 |   319 |   359 |     2 ||   918
       Repel Missiles    |     1 |     1 |     2 |     1 |       ||     5
       Static Discharge  |       |     2 |    35 |    91 |    10 ||   138
       Lightning Bolt    |       |       |     4 |    63 |    18 ||    85
Invok: Curse Item        |       |       |       |     1 |       ||     1
 Abil: Spit Acid         |       |       |     8 |    13 |     3 ||    24
Evoke: Wand              |       |       |       |     4 |       ||     4
  Use: Potion            |       |       |     3 |     3 |       ||     6
       Scroll            |       |       |     5 |     3 |       ||     8
 Stab: Paralysed         |       |       |       |     5 |       ||     5
  Eat: Chunk             |     3 |    11 |    14 |    25 |       ||    53
       Meat ration       |       |       |     1 |     5 |     1 ||     7
       Royal jelly       |       |       |     1 |       |       ||     1
       Beef jerky        |       |       |     1 |     1 |       ||     2
       Fruit             |       |       |       |     6 |     3 ||     9
       Pizza             |       |       |       |     2 |       ||     2
Armor: Skin              |    50 |    37 |   131 |   202 |     4 ||   424
Dodge: Dodged            |    99 |    85 |   204 |   362 |    41 ||   791
       Deflected         |     2 |     2 |     1 |     9 |     2 ||    16
Block: Buckler           |       |       |    14 |   156 |    20 ||   190
